 Dungeon Crawl Stone Soup version 0.29-a0-914-g906f1d757c (webtiles) character file.

Game seed: 7048909766569010422

95 2tc the Chopper (level 4, -2/39 HPs)
             Began as a Hill Orc Abyssal Knight on July 26, 2022.
             Was a Priest of Lugonu.
             Killed by divine providence
             ... invoked by an orc priest
              (12 damage)
             ... on level 3 of the Dungeon.
             The game lasted 00:05:28 (2353 turns).

2tc the Chopper (Hill Orc Abyssal Knight)           Turns: 2353, Time: 00:05:29

Health: -2/39      AC:  8    Str: 17    XL:     4   Next: 66%
Magic:  5/5        EV: 11    Int: 10    God:    Lugonu [***...]
Gold:   125        SH:  0    Dex: 11    Spells: 3/3 levels left

rFire   . . .      SeeInvis .   k - +0 dagger (venom)
rCold   . . .      Faith    .   (no shield)
rNeg    . . .      Spirit   .   b - +1 leather armour
rPois   .          Reflect  .   g - +2 helmet
rElec   .          Harm     .   (no cloak)
rCorr   .          Rampage  .   (no gloves)
Will    .....                   h - +0 pair of boots
Stlth   +.........              (no amulet)
HPRegen 0.13/turn               (no ring)
MPRegen 0.09/turn               (no ring)

@: no status effects
A: no striking features
a: Renounce Religion, Convert to Beogh, Depart the Abyss, Bend Space, Banish


You were on level 3 of the Dungeon.
You worshipped Lugonu.
Lugonu was most pleased with you.
You visited 1 branch of the dungeon, and saw 3 of its levels.
You visited the Abyss 1 time.

You collected 125 gold pieces.

Inventory:

Hand Weapons
 a - a +1 hand axe
 k - a +0 dagger of venom (weapon)
Armour
 b - a +1 leather armour (worn)
 g - a +2 helmet (worn)
 h - a +0 pair of boots (worn)
Potions
 c - a potion of flight
 d - a potion of mutation {unknown}
 e - 2 potions of might {unknown}
 f - a potion of lignification {unknown}
 i - 2 potions of haste
 j - a potion of brilliance {unknown}


   Skills:
 - Level 3.6 Fighting
 - Level 1.0 Short Blades
 * Level 6.0 Axes
 - Level 2.1 Armour
 - Level 0.7 Dodging
 - Level 2.4 Invocations


You had 3 spell levels left.
You didn't know any spells.
Your spell library contained the following spells:

 Spells                   Type           Power      Damage    Failure   Level
 Static Discharge         Conj/Air       0%         3-3/arc   56%         2
 Lightning Bolt           Conj/Air       0%         1d11      100%        5
 Maxwell's Capacitive Co  Air            0%         ∞         100%        8


Dungeon Overview and Level Annotations

Branches:
Dungeon (3/15)

Altars:


Message History

There is a stone staircase leading up here.
There are monsters nearby!
You hit the orc.
The orc is heavily wounded.
An orc priest comes into view. It is wielding a +0 whip.
The orc barely misses you.
The orc priest shouts, "Beogh is our master!
Accept the truth or die!" (press Y on the ability menu to convert to Beogh)
You hit the orc.
The orc is poisoned.
The orc is severely wounded.
You closely miss the orc.
The orc is severely wounded.
You kill the orc!
Lugonu accepts your kill.
An orc comes into view. It is wielding a +0 club.
The orc priest casts a cantrip, but nothing happens.
The orc shouts!
You see here a +0 hand axe.
You hit the orc.
The orc is poisoned.
The orc is moderately wounded.
The orc hits you but does no damage.
The orc priest mumbles some strange prayers to Beogh against you.
Beogh smites you!
You hit the orc but do no damage.
The orc looks as sick as possible!
The orc is severely wounded.
The orc hits you with a +0 hand axe.
The orc priest miscasts a cantrip.
You hit the orc.
You kill the orc!
Lugonu accepts your kill.
The orc priest calls down the wrath of Beogh upon you.
Beogh smites you!
* * * LOW HITPOINT WARNING * * *
The orc attacks as you move away! The orc hits you but does no damage.
There is a stone staircase leading up here.
The orc hits you with a +0 whip.
* * * LOW HITPOINT WARNING * * *
The orc priest invokes the aid of Beogh against you.
Beogh smites you!
You die...

###
.o#
#.#
#o#
#o#
#@#
###


You could see an orc priest and 2 orcs.

Vanquished Creatures
  Terence (D:2)
  An adder (D:2)
  2 dart slugs (D:1)
  2 orcs (D:3)
  4 endoplasms
  5 giant cockroaches (D:1)
  2 hobgoblins
  5 jackals
  3 quokkas
  3 ball pythons
  5 bats (D:1)
  6 frilled lizards
  4 goblins
  7 kobolds
  2 rats (D:1)
52 creatures vanquished.

Notes
Turn   | Place    | Note
-------+----------+-------------------------------------------
     0 | Abyss:1  | 2tc the Hill Orc Abyssal Knight began the quest for the
                  | Orb.
     0 | Abyss:1  | Reached XP level 1. HP: 19/19 MP: 2/2
     1 | D:1      | Escaped the Abyss
    29 | D:1      | Reached skill level 3 in Axes
   221 | D:1      | Reached XP level 2. HP: 25/26 MP: 3/3
   435 | D:1      | Reached skill level 4 in Axes
   611 | D:1      | Reached XP level 3. HP: 31/31 MP: 4/4
   862 | D:1      | Reached skill level 1 in Short Blades
  1100 | D:1      | Reached *** piety under Lugonu
  1655 | D:2      | Reached skill level 5 in Axes
  1680 | D:2      | Reached XP level 4. HP: 24/39 MP: 5/5
  2034 | D:2      | Noticed Terence
  2056 | D:2      | Killed Terence
  2057 | D:2      | Reached skill level 6 in Axes
  2353 | D:3      | Killed from afar by an orc priest

Illustrated notes

Levels and vault maps discovered:
D:1:      minmay_arrival_glassed_features, layout_basic, st_stairs_13
D:2:      layout_loops_cross, uniq_terence
D:3:      layout_basic

Skill      XL: |  1  2  3  4 |
---------------+-------------+-----
Axes           | 3 4 5 6 |  6.0
Short Blades   | 1 |  1.0
Fighting       | |  3.6
Armour         | |  2.1
Dodging        | |  0.7
Invocations    | |  2.4

Action                   |  1- 3 |  4- 6 || total
-------------------------+-------+-------++-------
Melee: Hand axe          |    16 |       ||    16
       Short sword       |    93 |       ||    93
       Punch             |     2 |       ||     2
       Dagger            |    49 |    39 ||    88
  Use: Scroll            |     3 |     2 ||     5
Armor: Leather armour    |    58 |     9 ||    67
Dodge: Dodged            |   113 |    16 ||   129

Table legend: (Time is in decaauts)
 A = Elapsed time spent in this place.
 B = Non-inter-level travel time spent in this place.
 C = Inter-level travel time spent in this place.
 D = Time resting spent in this place.
 E = Time spent auto-exploring this place.
 F = Levels seen in this place.
 G = Mean time per level.
                   A        B        C        D        E       F      G
               +--------+--------+--------+--------+--------+-----+--------+
         Total |   2357 |   2294 |     63 |     10 |   1856 |   4 |  589.2 |
       Dungeon |   2356 |   2293 |     63 |     10 |   1856 |   3 |  785.3 |
         Abyss |      1 |      1 |      0 |      0 |      0 |   1 |    1.0 |
               +--------+--------+--------+--------+--------+-----+--------+

Top non-repeatable levels by time:
     D:2: 1208 daAuts
     D:1: 1139 daAuts
     D:3: 8 daAuts
 Abyss:1: 1 daAuts
